 Dungeon Crawl Stone Soup version 0.21.1-1-g345015fe64 (webtiles) character file.

180 Bergy the Grave Robber (level 5, -5/36 HPs)
             Began as a Mummy Necromancer on July 21, 2018.
             Killed from afar by Sigmund (7 damage)
             ... with a magic dart
             ... on level 4 of the Dungeon.
             The game lasted 00:28:52 (4384 turns).

Bergy the Grave Robber (Mummy Necromancer)          Turns: 4384, Time: 00:28:53

Health: -5/36      AC:  4    Str: 18    XL:     5   Next: 33%
Magic:  10/12      EV: 12    Int: 15    God:
Gold:   256        SH:  0    Dex: 12    Spells: 7/13 levels left

rFire    x . .     SeeInvis .   n - +0 hunting sling (curse)
rCold    + . .     Gourm    .   (no shield)
rNeg     + + +     Faith    .   a - +0 robe
rPois    ∞         Spirit   .   (no helmet)
rElec    .         Reflect  .   h - +1 cloak
rCorr    .         Harm     .   (no gloves)
MR       .....                  (no boots)
Stlth    ++........             (no amulet)
HPRegen  0.12/turn              p - +3 ring of strength
MPRegen  0.13/turn              d - +3 ring of strength

@: no status effects
A: no food or potions, fire vulnerability, cold resistance 1, negative energy
resistance 3, torment resistance, unbreathing
a: no special abilities


You were on level 4 of the Dungeon.
You were not hungry.

You visited 1 branch of the dungeon, and saw 4 of its levels.

You collected 256 gold pieces.

Inventory:

Hand Weapons
 f - a +0 dagger
 n - a cursed +0 hunting sling (weapon)
Missiles
 g - 36 stones (quivered)
Armour
 a - a +0 robe (worn)
 h - a +1 cloak (worn)
Magical Staves
 k - an uncursed staff of poison
Jewellery
 d - a +3 ring of strength (right hand)
 p - a +3 ring of strength (left hand)
Scrolls
 c - a scroll of teleportation
 e - 4 scrolls of enchant armour
 i - 4 scrolls of identify
 j - 2 scrolls of fear
 l - a scroll of blinking
 m - a scroll of magic mapping {unknown}
 o - a scroll of noise {unknown}
Books
 b - a book of Necromancy

   Spells                             Type                      Level
   a - Pain                           Necromancy                   1
   b - Animate Skeleton               Necromancy                   1
   c - Vampiric Draining              Necromancy                   3
   d - Regeneration                   Charms/Necromancy            3
   e - Animate Dead                   Necromancy                   4
   f - Borgnjor's Vile Clutch         Necromancy/Earth             5


   Skills:
 + Level 0.6 Fighting
   Level 0.1 Polearms
 * Level 0.1 Armour
 + Level 1.8 Dodging
 + Level 1.8 Stealth
 + Level 4.7 Spellcasting
 + Level 5.3 Necromancy


You had 7 spell levels left.
You knew the following spells:

 Your Spells              Type           Power        Failure   Level  Hunger
a - Pain                  Necr           ###.         1%          1    N/A
b - Animate Skeleton      Necr           N/A          1%          1    N/A
c - Animate Dead          Necr           N/A          19%         4    N/A

Dungeon Overview and Level Annotations

Branches:
Dungeon (4/15)
 Temple: D:4-7

Altars:
Elyvilon
Nemelex Xobeh
Okawaru
Wu Jian
Xom

Annotations:
D:4 Sigmund


Innate Abilities, Weirdness & Mutations

You do not eat or drink.
Your flesh is vulnerable to fire.
You are immune to poison.
Your flesh is cold resistant. (rC+)
You are immune to negative energy. (rN+++)
You are immune to unholy pain and torment.
You can survive without breathing.


Message History

Sigmund flickers and vanishes!
Deactivating autopickup; reactivate with Ctrl-A.
Casting: Pain
Confirm with . or Enter, or press ? or * to list all spells.
You can't see any susceptible monsters within range! (Use Z to cast anyway.) Unknown command.
Something hits you.
You hear some strange, mumbled words.
A puff of flame appears from out of thin air!
The puff of flame hits you! The fire burns you terribly! Something hits you!
* * * LOW HITPOINT WARNING * * *
Sigmund appears from thin air!
Reactivating autopickup.
Sigmund points at you and mumbles some strange words.
The magic dart hits you!
* * * LOW HITPOINT WARNING * * *
Sigmund points at you and mumbles some strange words.
The magic dart hits you!
You die...

###...## .......#######
.##.....Z....#
.###.#######.### .#
####.......># .##
#.####.#.###############
..#####.#
#.#.#.............
#.......#
#.#.#.#######..#####
..#######
#.#..@...@.........# .##
#.###.#######..###.# ..#
#####.###.# #..###.###
.## #.........#
#..†...... ##
#.#####.### #..#.#.### #
#.# #.# #..#.#..# # #.#
#.# #..#.##.## # #.# #Z#
#..#.#...# # #.# #Z#
.....#.P.#


You could see Sigmund.

Vanquished Creatures
  A howler monkey (D:2)
  3 adders
  An adder skeleton (D:2)
  4 dart slugs
  3 leopard geckos
  9 orcs
  2 giant cockroaches (D:1)
  9 goblins
  10 hobgoblins
  4 jackals (D:1)
  7 kobolds
  2 quokkas (D:3)
  A ball python (D:1)
  9 bats
  5 frilled lizards
  A rat (D:2)
71 creatures vanquished.

Vanquished Creatures (collateral kills)
  A worker ant (D:4)
  A leopard gecko (D:4)
  A goblin (D:3)
  2 hobgoblins
  A bat (D:1)
  2 kobolds
8 creatures vanquished.

Grand Total: 79 creatures vanquished

Notes
Turn   | Place    | Note
-------+----------+-------------------------------------------
     0 | D:1      | Bergy the Mummy Necromancer began the quest for the Orb.
     0 | D:1      | Reached XP level 1. HP: 13/13 MP: 4/4
     2 | D:1      | Learned a level 1 spell: Animate Skeleton
   379 | D:1      | Reached XP level 2. HP: 11/19 MP: 2/5
  1469 | D:2      | Reached XP level 3. HP: 25/25 MP: 5/8
  1617 | D:2      | Found a transporter.
  1679 | D:2      | Found a transporter.
  1693 | D:2      | Found an iron altar of Okawaru.
  2384 | D:2      | Found an iron altar of Okawaru.
  2386 | D:2      | Found a sacrificial altar of Ru.
  2386 | D:2      | Found a radiant altar of Vehumet.
  2388 | D:2      | Found a shimmering altar of Xom.
  2388 | D:2      | Found an ancient bone altar of Kikubaaqudgha.
  2388 | D:2      | Found a blossoming altar of Fedhas.
  2542 | D:2      | Found a sparkling altar of Nemelex Xobeh.
  2739 | D:2      | Reached XP level 4. HP: 31/31 MP: 7/10
  3183 | D:3      | Reached skill level 5 in Necromancy
  3607 | D:3      | Reached XP level 5. HP: 36/36 MP: 9/11
  3712 | D:3      | Learned a level 4 spell: Animate Dead
  3978 | D:3      | Noticed a centaur
  4033 | D:4      | Found an ornate altar of the Wu Jian Council.
  4343 | D:4      | Found a white marble altar of Elyvilon.
  4349 | D:4      | Noticed Sigmund
  4384 | D:4      | Killed from afar by Sigmund

Skill      XL: |  1  2  3  4 |
---------------+-------------+-----
Spellcasting   | 3 4 |  4.7
Necromancy     | 5 |  5.3
Fighting       | |  0.6
Polearms       | |  0.1
Armour         | |  0.1
Dodging        | |  1.8
Stealth        | |  1.8

Action                   |  1- 3 |  4- 6 || total
-------------------------+-------+-------++-------
Melee: Spear             |    14 |       ||    14
       Unarmed           |     1 |       ||     1
       Dagger            |    17 |       ||    17
       Staff             |    13 |    16 ||    29
 Fire: Hunting sling     |       |     9 ||     9
Throw: Stone             |       |     1 ||     1
 Cast: Pain              |    76 |    72 ||   148
       Animate Skeleton  |    12 |     5 ||    17
       Animate Dead      |       |     3 ||     3
  Use: Scroll            |       |     5 ||     5
Armor: Robe              |    21 |    12 ||    33
Dodge: Dodged            |    67 |    42 ||   109
